Map: Mech Depot LE

Players

TLO - Winner!

  • Race: Zerg Zerg
  • Spawn Location: 7:00

Has

  • Race: Protoss Protoss
  • Spawn Location: 1:00

Event: WCS Montreal 2017

VOD

Have the link to the VOD?

Description

Time

  • Played on: Sept. 8, 2017, 6:07 p.m.
  • Length: 10:52

All games in this series

Show
View Real Time Build Order
Export as new Build Order

TLO Zerg - Winner!

Build Orders: Hatch First, Lurkers 

Get SALT Encoding   

  12  0:00  Drone  
  13  0:12  Overlord  
  13  0:17  Drone  
  14  0:31  Drone  
  14  0:32  Drone  
  16  0:49  Hatchery  
  15  0:51  Drone  
  16  1:05  Spawning Pool  
  16  1:09  Drone  
  16  1:15  Drone  
  16  1:17  Drone  
  18  1:30  Drone  
  19  1:32  Extractor  
  19  1:39  Overlord  
  18  1:44  Drone  
  19  1:53  Queen  
  21  1:54  Zergling x2  
  22  2:01  Queen  
  22  2:04  Drone  
  22  2:07  Zergling x2  
  26  2:11  Drone  
  26  2:15  Drone  
  28  2:22  Drone  
  29  2:26  Drone  
  30  2:33  Drone  
  31  2:40  Hatchery  
  30  2:46  Queen  
  32  2:51  Overlord  
  32  2:57  Metabolic Boost  
  32  3:00  Drone  
  32  3:04  Drone  
  34  3:07  Drone  
  34  3:08  Drone  
  34  3:12  Drone  
  37  3:13  Drone  
  37  3:14  Drone  
  37  3:19  Drone x2  
  41  3:25  Overlord  
  41  3:29  Drone  
  41  3:32  Spore Crawler x2  
  40  3:35  Drone  
  40  3:38  Spore Crawler  
  40  3:39  Drone  
  42  3:41  Drone  
  42  3:43  Drone  
  42  3:46  Drone  
  42  3:47  Drone  
  45  3:49  Drone  
  45  3:51  Drone  
  45  3:54  Drone  
  48  3:58  Overlord  
  48  4:01  Overlord  
  48  4:02  Drone  
  49  4:06  Drone  
  49  4:07  Drone  
  49  4:09  Drone  
  52  4:13  Lair  
  52  4:16  Drone  
  53  4:17  Drone  
  53  4:19  Drone  
  53  4:20  Drone  
  53  4:22  Extractor  
  53  4:23  Drone  
  53  4:24  Drone  
  57  4:25  Drone  
  57  4:26  Extractor  
  57  4:28  Drone x2  
  57  4:30  Zergling x2  
  60  4:33  Extractor, Zergling x2  
  60  4:34  Zergling x2  
  60  4:35  Zergling x2  
  60  4:36  Zergling x2  
  63  4:41  Zergling x4  
  63  4:42  Zergling x4  
  63  4:45  Zergling x2  
  68  4:46  Zergling x2  
  68  4:48  Zergling x2  
  68  4:49  Zergling x4  
  68  4:50  Zergling x2  
  73  4:56  Zergling x2  
  73  4:57  Overlord x2  
  73  4:59  Overlord  
  74  5:00  Overlord  
  74  5:03  Overlord  
  74  5:11  Overlord  
  74  5:13  Hydralisk Den  
  73  5:16  Zergling x2  
  73  5:20  Zergling x4  
  76  5:28  Drone  
  77  5:30  Overlord  
  76  5:43  Hydralisk  
  76  5:44  Muscular Augments, Hydralisk x7  
  76  5:45  Zergling x2  
  76  5:47  Zergling x4  
  95  5:53  Hydralisk  
  95  5:54  Zergling x2  
  95  5:55  Hydralisk x2  
  101  5:59  Zergling x2  
  101  6:00  Hydralisk  
  101  6:03  Zergling x2  
  104  6:04  Hydralisk  
  104  6:08  Hydralisk  
  106  6:11  Zergling x2  
  106  6:13  Zergling x4  
  106  6:14  Hydralisk  
  106  6:15  Zergling x2  
  112  6:20  Zergling x2  
  112  6:22  Hydralisk  
  112  6:25  Hydralisk  
  112  6:30  Zergling x4  
  112  6:32  Zergling x2  
  103  6:33  Queen, Hydralisk  
  103  6:35  Zergling x4  
  103  6:37  Zergling x2  
  103  6:38  Zergling x2  
  103  6:39  Zergling x2  
  110  6:40  Zergling x2  
  110  6:41  Zergling x2  
  110  6:43  Zergling x4  
  110  6:45  Zergling x2  
  105  6:47  Zergling x2  
  101  6:54  Zergling x2  
  101  6:55  Zergling x2  
  101  6:58  Lurker Den  
  102  7:03  Zergling x2  
  102  7:04  Zergling x2  
  103  7:11  Drone  
  103  7:12  Drone  
  103  7:15  Queen x2  
  98  7:17  Hydralisk x2  
  98  7:20  Hydralisk  
  106  7:26  Overseer  
  106  7:27  Drone x2  
  99  7:30  Drone  
  98  7:37  Drone x2  
  98  7:41  Drone  
  97  7:44  Drone  
  97  7:46  Drone, Overseer  
  97  7:47  Drone  
  97  7:50  Drone  
  97  7:51  Drone  
  102  7:55  Hydralisk  
  104  7:58  Hydralisk x2  
  108  8:06  Hydralisk  
  108  8:11  Hydralisk  
  108  8:12  Zergling x2  
  112  8:13  Queen  
  112  8:16  Zergling x4  
  112  8:17  Zergling x2  
  112  8:18  Zergling x2  
  112  8:19  Zergling x2  
  121  8:20  Zergling x2  
  121  8:22  Hydralisk x2  
  121  8:23  Zergling x2  
  121  8:24  Zergling x2  
  121  8:25  Zergling x2  
  129  8:29  Zergling x2  
  129  8:33  Zergling x2  
  129  8:39  Overlord  
  129  8:40  Overlord x2  
  129  8:42  Overlord  
  129  8:44  Lurker  
  129  8:45  Lurker  
  127  8:56  Zergling x2  
  127  8:57  Zergling x2  
  127  8:58  Zergling x6  
  127  8:59  Hydralisk x3  
  127  9:01  Zergling x2  
  135  9:05  Hydralisk x2  
  135  9:08  Zergling x4  
  141  9:11  Drone  
  141  9:12  Drone  
  141  9:13  Evolution Chamber  
  141  9:16  Hydralisk  
  144  9:19  Hydralisk  
  144  9:23  Zergling x2  
  147  9:27  Spore Crawler, Drone  
  147  9:28  Overlord  
  147  9:33  Hydralisk x2  
  147  9:37  Overseer  
  151  9:39  Overlord  
  151  9:43  Overlord x2  
  151  9:49  Overlord x2  
  151  9:50  Lurker  
  152  9:56  Zergling x8  
  152  9:58  Lurker x2  
  158  10:01  Zergling x2  
  158  10:05  Lurker  
  160  10:11  Zergling x4  
  160  10:13  Hydralisk  
  160  10:14  Hydralisk  
  162  10:18  Hydralisk  
  168  10:23  Zergling x2  
  168  10:24  Zergling x6  
  168  10:25  Zergling x2  
  168  10:26  Zergling x2  
  168  10:27  Spore Crawler, Zergling x4  
  168  10:28  Zergling x4  
  175  10:29  Lurker  
  175  10:31  Zergling x2  
Show
View Real Time Build Order
Export as new Build Order

Has Protoss 

Build Orders: 1 Gate Expand 

Get SALT Encoding   

  12  0:00  Probe (Chrono Boost)  
  13  0:11  Probe (Chrono Boost)  
  14  0:18  Pylon  
  14  0:22  Probe (Chrono Boost)  
  15  0:36  Probe (Chrono Boost)  
  15  0:40  Gateway  
  16  0:47  Probe (Chrono Boost)  
  16  0:48  Assimilator  
  17  0:58  Probe (Chrono Boost)  
  18  1:08  Probe (Chrono Boost)  
  19  1:19  Probe (Chrono Boost)  
  19  1:25  Pylon  
  20  1:29  Probe (Chrono Boost)  
  21  1:36  Nexus  
  21  1:40  Probe (Chrono Boost)  
  22  1:50  Assimilator  
  22  1:53  Cybernetics Core  
  22  1:56  Probe (Chrono Boost)  
  22  2:00  Pylon  
  23  2:19  Probe (Chrono Boost), Zealot (Chrono Boost)  
  26  2:29  Probe (Chrono Boost)  
  27  2:34  Warp Gate (Chrono Boost)  
  27  2:36  Robotics Facility  
  26  2:42  Probe  
  27  2:45  Stalker (Chrono Boost)  
  27  2:48  Probe  
  30  2:54  Probe  
  31  2:58  Probe  
  32  3:06  Probe  
  32  3:09  Probe  
  32  3:11  Assimilator, Sentry (Chrono Boost)  
  36  3:16  Pylon  
  36  3:18  Probe  
  36  3:19  Probe  
  37  3:22  Pylon  
  38  3:31  Immortal (Chrono Boost)  
  38  3:33  Probe (Chrono Boost)  
  43  3:35  Sentry  
  43  3:36  Probe (Chrono Boost)  
  46  3:45  Probe  
  46  3:47  Probe  
  48  3:57  Probe  
  48  3:58  Twilight Council  
  48  4:01  Sentry  
  52  4:08  Immortal (Chrono Boost)  
  52  4:09  Probe  
  56  4:10  Probe, Assimilator  
  57  4:19  Gateway  
  57  4:23  Gateway  
  57  4:24  Probe  
  57  4:30  Gateway  
  58  4:33  Pylon  
  58  4:37  Resonating Glaives (Chrono Boost)  
  58  4:41  Warp Prism (Chrono Boost)  
  60  4:50  Gateway  
  60  4:52  Sentry  
  62  4:57  Gateway  
  62  5:02  Gateway  
  62  5:06  Pylon  
  62  5:13  Pylon  
  62  5:16  Pylon  
  62  5:17  Warp Prism  
  62  5:18  Sentry  
  64  5:27  Pylon  
  64  5:28  Sentry  
  68  5:29  Sentry  
  70  5:44  Sentry  
  72  5:51  Pylon  
  72  5:53  Pylon  
  72  5:57  Adept  
  72  5:58  Adept x4  
  82  6:10  Adept  
  82  6:11  Adept  
  86  6:27  Adept x2  
  86  6:28  Adept x2  
  86  6:29  Sentry  
  86  6:31  Sentry  
  86  6:33  Adept  
  76  6:52  Warp Prism  
  72  6:55  Adept x2  
  72  6:56  Adept x5  
  82  7:12  Mothership Core  
  82  7:17  Adept x4  
  82  7:18  Adept x2  
  70  7:45  Sentry x2  
  70  7:46  Adept x5  
  70  7:50  Probe  
  70  7:51  Probe  
  86  7:56  Pylon  
  86  7:57  Pylon  
  86  8:01  Pylon  
  86  8:08  Adept x2  
  86  8:09  Adept x2  
  82  8:13  Adept x4  
  82  8:14  Adept x2  
  92  8:38  Warp Prism, Dark Shrine  
  94  9:01  Probe x2  
  86  9:12  Sentry x3, Adept x2, Pylon  
  86  9:13  Probe x2, Adept x2  
  86  9:14  Pylon  
  102  9:41  Nexus  
  102  9:42  Pylon  
  102  9:44  Pylon  
  102  9:46  Pylon  
  102  10:14  Dark Templar  
  102  10:15  Dark Templar x5  
  102  10:16  Dark Templar  
  113  10:46  Pylon  
  113  10:47  Pylon  
Tags
 
Add a new tag
Caveats
  • Supply blocks, unpowered buildings, or Contaminate may cause inaccurate times.
  • Supply counts are checked every 10 seconds.